AoeStats
← old f1sh

Arabia

509029688Analyzed
1v1 RM · 7d ago on Sep 25, 2026· 35m 54s· 2 players
Game mode
Random Map
Map size
Tiny (2 player)
Population
200
Speed
Normal
Resources
Standard
Victory
Conquest
Starting age
Dark Age
Ending age
Imperial Age
RankedLock teamsTeams togetherTeam positionsShared explorationLock speedFull tech treeHidden civsTurbo modeCheats
Victory
Defeat
🇨🇳 Varangians · China
1677
+9
🇲🇽 Maya · Mexico
1510
-9
old f1sh
7:25 Loom
9:42 Feudal Age
10:35 Double-Bit Axe
18:41 Padded Archer Armor
19:23 Fletching
22:05 Wheelbarrow
25:04 Castle Age
23:39 Bloodlines
23:28 Horse Collar
24:28 Scale Mail Armor
24:38 Gold Mining
25:07 Elite Skirmisher
25:42 Bodkin Arrow
27:09 Bow Saw
27:03 Light Cavalry
28:44 Leather Archer Armor
29:46 Chain Mail Armor
33:45 Heavy Plow
34:09 Squires
33:54 Gambesons
36:42 Hand Cart
Walmart
0:26 Loom
10:12 Feudal Age
10:20 Man-at-Arms
18:41 Fletching
19:38 Padded Archer Armor
22:17 Wheelbarrow
22:14 Horse Collar
26:09 Castle Age
26:40 Crossbowman
28:47 Bodkin Arrow
29:36 Eagle Warrior
Connection lost

Rejoining the realm…

Still unreachable

The connection could not be restored.

Session expired

The server has moved on; the page needs a fresh start.